 Dungeon Crawl Stone Soup version 0.29.1-4-g47bece8355 (webtiles) character file.

Game seed: 2330026706379580267

1312 GorkyZ the Trooper (level 8, -3/64 HPs)
             Began as a Gargoyle Monk on Dec 3, 2022.
             Was an Initiate of Gozag.
             Slain by a wraith (5 damage)
             ... on level 7 of the Dungeon.
             The game lasted 00:15:44 (7007 turns).

GorkyZ the Trooper (Gargoyle Monk)                  Turns: 7007, Time: 00:15:45

Health: -3/64      AC: 24    Str: 13 (16) XL:     8   Next: 58%
Magic:  8/8        EV:  2    Int:  9 (12) God:    Gozag
Gold:   569        SH:  0    Dex: 10 (12) Spells: 7/7 levels left

rFire   + . .      SeeInvis .   s - +5 quarterstaff (chaos)
rCold   + . .      Faith    .   (shield currently unavailable)
rNeg    + . .      Spirit   .   (body armour currently unavailable)
rPois   ∞          Reflect  .   (helmet currently unavailable)
rElec   +          Harm     .   (cloak currently unavailable)
rCorr   +          Rampage  .   (gloves currently unavailable)
Will    .....      NoTele   +   (boots currently unavailable)
Stlth   ++........              (no amulet)
HPRegen 0.20/turn               (no ring)
MPRegen 0.11/turn               (no ring)

@: tree-form, resistant, attractive, slowed, very slow
A: stationary, stasis, torment immunity, boosted hp, sickness immunity, AC +5,
negative energy resistance 1, (electricity resistance), torment resistance 1,
petrification resistance, (iridescent scales 1), (deformed body), frail 1
a: Renounce Religion, Potion Petition, Call Merchant, Bribe Branch


You were on level 7 of the Dungeon.
You worshipped Gozag.
Gozag was pleased with you.
You were a tree.
You visited 2 branches of the dungeon, and saw 8 of its levels.

You collected 569 gold pieces.

Inventory:

Hand Weapons
 a - a +0 spear of venom
 h - a +2 dagger of draining
 l - a +2 spear of venom
 n - a +1 hand axe of draining
 s - a +5 quarterstaff of chaos (weapon)
Missiles
 i - 4 boomerangs (quivered)
 t - 14 poisoned darts
Armour
 b - a +0 robe
 d - a +0 helmet (melded)
 k - a +0 pair of boots (melded)
 r - a +0 cloak (melded)
 A - a +0 ring mail
 D - a +0 scale mail (melded)
 E - a +0 pair of gloves (melded)
Jewellery
 H - an amulet of reflection
Wands
 e - a wand of polymorph (9)
Scrolls
 j - 4 scrolls of teleportation
 u - 2 scrolls of blinking
 w - a scroll of enchant weapon
 x - a scroll of magic mapping
 y - a scroll of fog
 B - 2 scrolls of immolation {unknown}
 I - a scroll of brand weapon
Potions
 g - 2 potions of might
 m - 2 potions of flight
 q - a potion of attraction


   Skills:
 + Level 4.9 Fighting
 + Level 2.5(3.8) Axes
 + Level 4.3(4.7) Polearms
 + Level 3.2 Throwing
 + Level 3.6 Armour
 + Level 3.9 Dodging
 - Level 3.0 Stealth
 + Level 3.1 Shields
 + Level 3.0 Evocations


You had 7 spell levels left.
You didn't know any spells.
Your spell library contained the following spells:

 Spells                   Type           Power      Damage    Failure   Level
 Magic Dart               Conj           0%         1d3       38%         1
 Searing Ray              Conj           0%         2d4       52%         2
 Wereblood                Tmut           0%         N/A       52%         2
 Fulminant Prism          Conj/Hex       0%         3d6       99%         4
 Petrify                  Tmut/Erth      0%         N/A       99%         4
 Irradiate                Conj/Tmut      0%         3d11      100%        5
 Summon Hydra             Summ           0%         N/A       100%        7
 Sublimation of Blood     Necr           Unusable   N/A       N/A         2

Dungeon Overview and Level Annotations

Branches:
Dungeon (7/15)             Temple (1/1) D:5

Altars:
Cheibriados
Dithmenos
Elyvilon
Gozag
Hepliaklqana
Okawaru
Qazlal
Sif Muna
Trog
Wu Jian
Xom
Yredelemnul
Zin
The Shining One

Shops:
D:5 =


Innate Abilities, Weirdness & Mutations

You are a tree.
Your roots penetrate the ground, keeping you stationary.
You cannot be teleported.
You are immune to unholy pain and torment.
Your maximum health is greatly increased.
Your equipment is partially melded.
You are immune to sickness and miasma.
((Your stone body is resilient. (AC +5)))
You are immune to poison.
You resist negative energy. (rN+)
((You are resistant to electric shocks. (rElec)))
You are resistant to unholy torment.
You are immune to petrification.
((You are partially covered in iridescent scales. (AC +2)))
((Armour fits poorly on your strangely shaped body.))
You are frail. (-10% HP)


Message History

The wraith hits you but does no damage.
Unknown command.
The air fills with toxic fumes!
As you read the scroll of poison, it crumbles to dust.
The centaur hits you but does no damage.
The centaur kicks you but does no damage.
The centaur hits you but does no damage.
The centaur barely misses you. Something hits you but does no damage.
The wraith hits you.
* * * LOW HITPOINT WARNING * * *
You cannot move.
You cannot move.
You cannot move.
You cannot move.
You cannot move.
You hit the wraith but do no damage.
An orc wizard appears from thin air!
Reactivating autopickup.
The centaur hits you but does no damage.
The centaur kicks you but does no damage.
The centaur hits you but does no damage.
The centaur kicks you but does no damage.
The orc wizard hits you but does no damage.
The wraith hits you but does no damage.
The centaur hits you but does no damage.
The centaur kicks you but does no damage.
The wraith hits you but does no damage.
The orc wizard points at you and mumbles some strange words.
The puff of flame hits you but does no damage.
You resist.
You hit the wraith but do no damage.
The centaur hits you but does no damage.
The centaur kicks you but does no damage.
The orc wizard hits you but does no damage.
The wraith hits you but does no damage.
The centaur hits you but does no damage.
The centaur kicks you but does no damage.
The orc wizard hits you but does no damage.
The wraith hits you.
You die...
Your body crumbles into a pile of gold.

.....#.####.#
#.#$#......#
#...W....... #
#........... ####
#.....#####
...###########c....####
........oc....o....§§.#
...o##############§##.#
....# #§♣c§# # ....##
#§oW§# .....# #§§§§#
.....###### #§§§§#
###.......# #§§§§#
#.#####.## #§§§§##.#
......##..## #§§§§##.#
#........)..# #§§§§##.#
#......###..# #....##.#


You could see a wraith, a centaur and an orc wizard.

Vanquished Creatures
  Grinder (D:6)
  A steam dragon (D:7)
  A sky beast (D:6)
  An ice beast (D:5)
  A centaur (D:6)
  A kobold brigand (D:7)
  2 scorpions
  A hound (D:5)
  A jelly (D:5)
  2 orc priests
  Crazy Yiuf (D:2)
  5 iguanas
  3 orc wizards (D:5)
  7 adders
  2 worms
  A dart slug (D:2)
  21 orcs
  9 endoplasms
  4 giant cockroaches
  8 goblins
  10 hobgoblins
  4 jackals (D:1)
  15 kobolds
  3 quokkas
  8 ball pythons
  6 bats
  A frilled lizard (D:3)
  5 rats
125 creatures vanquished.

Vanquished Creatures (others)
  3 orcs (D:7)
  A fungus (D:2)
4 creatures vanquished.

Grand Total: 129 creatures vanquished

Notes
Turn   | Place    | Note
-------+----------+-------------------------------------------
     0 | D:1      | GorkyZ the Gargoyle Monk began the quest for the Orb.
     0 | D:1      | Reached XP level 1. HP: 14/14 MP: 1/1
    66 | D:1      | Reached XP level 2. HP: 8/19 MP: 2/2
   597 | D:1      | Reached XP level 3. HP: 9/23 MP: 3/3
   993 | D:1      | Reached skill level 1 in Evocations
  1342 | D:2      | Reached skill level 1 in Throwing
  1342 | D:2      | Reached skill level 1 in Armour
  1342 | D:2      | Reached XP level 4. HP: 24/28 MP: 4/4
  1560 | D:2      | Found a faded altar of an unknown god.
  1776 | D:2      | Found a runed translucent door.
  1777 | D:2      | Noticed Crazy Yiuf
  1785 | D:2      | Killed Crazy Yiuf
  2182 | D:3      | Reached XP level 5. HP: 33/33 MP: 5/5
  3408 | D:4      | Found a hazy altar of Hepliaklqana.
  3545 | D:4      | Found a glowing golden altar of the Shining One.
  3592 | D:4      | Reached skill level 1 in Shields
  3592 | D:4      | Reached XP level 6. HP: 30/38 MP: 6/6
  4044 | D:4      | Reached skill level 1 in Axes
  4179 | D:5      | Entered Level 5 of the Dungeon
  4199 | D:5      | Found a shimmering blue altar of Sif Muna.
  4212 | D:5      | Found a staircase to the Ecumenical Temple.
  4251 | Temple   | Entered the Ecumenical Temple
  4317 | Temple   | Became a worshipper of Gozag Ym Sagoz the Greedy
  4543 | D:5      | Reached XP level 7. HP: 33/43 MP: 7/7
  4694 | D:5      | Found Cenuomis's Jewellery Emporium.
  5979 | D:6      | Found a basalt altar of Yredelemnul.
  6087 | D:6      | Noticed Grinder
  6087 | D:6      | Paralysed by Grinder for 4 turns
  6100 | D:6      | Killed Grinder
  6101 | D:6      | Reached XP level 8. HP: 44/48 MP: 8/8
  6941 | D:7      | Noticed a wraith
  7002 | D:7      | HP: 2/72 [wraith (2)]
  7003 | D:7      | Gained mutation: Armour fits poorly on your strangely
                  | shaped body. [potion of mutation]
  7003 | D:7      | Gained mutation: You are partially covered in iridescent
                  | scales. (AC +2) [potion of mutation]
  7003 | D:7      | Gained mutation: You are frail. (-10% HP) [potion of
                  | mutation]
  7007 | D:7      | Slain by a wraith

Illustrated notes

Levels and vault maps discovered:
D:1:      lightli_arrival_maybe_door_vault, layout_basic,
          minmay_misc_feat_columns
D:2:      layout_rooms, dreamdust_ecumenical_altar_statues,
          uniq_crazy_yiuf_cottage
D:3:      layout_basic
D:4:      layout_basic, kennysheep_little_box, old_standard_altar
D:5:      layout_gridville, kennysheep_mini_moat, minmay_temple_entry_junction,
          serial_shops, nicolae_square_shop
D:6:      layout_cave_pools, mainiacjoe_overflow_tiny_flanked, uniq_grinder
D:7:      layout_basic
Temple:   eino_temple_rhombus

Skill      XL: |  1  2  3  4  5  6  7  8 |
---------------+-------------------------+-----
Evocations     | 1 2 3 |  3.0
Polearms       | 3 4 |  4.3
Throwing       | 1 2 3 |  3.2
Armour         | 1 2 3 |  3.6
Stealth        | 3 |  3.0
Dodging        | 3 |  3.9
Shields        | 1 2 3 |  3.1
Axes           | 1 2 |  2.5
Fighting       | 4 |  4.9

Action                   |  1- 3 |  4- 6 |  7- 9 || total
-------------------------+-------+-------+-------++-------
Melee: Spear             |   135 |    33 |       ||   168
       Quarterstaff      |       |   108 |    97 ||   205
       Unarmed           |       |       |     9 ||     9
  Use: Scroll            |       |    10 |     1 ||    11
       Potion            |       |       |    12 ||    12
 Stab: Sleeping          |     7 |     9 |     1 ||    17
       Paralysed         |       |       |     2 ||     2
       Confused          |       |       |     1 ||     1
Armor: Robe              |    53 |    57 |       ||   110
       Scale mail        |       |       |    58 ||    58
       Ring mail         |       |       |    23 ||    23
       Skin              |       |       |    57 ||    57
Dodge: Dodged            |   106 |    85 |    96 ||   287
